 Dungeon Crawl Stone Soup version 0.28.0-53-g5a82cb258f (webtiles) character file.

Game seed: 5929106988727437485

50535 Zeld the Thaumaturge (level 14, -2/83 HPs)
             Began as a Deep Elf Conjurer on May 24, 2022.
             Was a High Priest of Vehumet.
             Slain by a five-headed hydra (13 damage)
             ... on level 5 of the Lair of Beasts.
             The game lasted 00:32:25 (24438 turns).

Zeld the Thaumaturge (Deep Elf Conjurer)           Turns: 24438, Time: 00:32:26

Health: -2/83      AC: 12    Str:  4    XL:     14   Next: 20%
Magic:  7/43       EV: 10    Int: 29    God:    Vehumet [*****.]
Gold:   962        SH:  0    Dex: 13    Spells: 25/41 levels left

rFire   + . .      SeeInvis .   a - +3 lajatang (vamp)
rCold   + . .      Faith    .   (shield currently unavailable)
rNeg    . . .      Spirit   .   n - +2 ring mail {Will+}
rPois   .          Reflect  .   I - +1 helmet
rElec   .          Harm     .   y - +0 cloak
rCorr   .          Rampage  .   B - +0 pair of gloves
Will    ++...                   H - +0 pair of boots
Stlth   +++.......              h - amulet of regeneration
HPRegen 1.03/turn               z - ring "Qietyer" {Fly rF+ MP+9}
MPRegen 0.28/turn               O - ring of protection from cold

@: flying
A: no striking features
a: Renounce Religion


You were on level 5 of the Lair of Beasts.
You worshipped Vehumet.
Vehumet was extremely pleased with you.
You visited 3 branches of the dungeon, and saw 20 of its levels.

You collected 1345 gold pieces.
You spent 383 gold pieces at shops.

Inventory:

Hand Weapons
 a - a +3 vampiric lajatang (weapon)
Armour
 n - a +2 ring mail of willpower (worn)
 y - a +0 cloak (worn)
 B - a +0 pair of gloves (worn)
 H - a +0 pair of boots (worn)
 I - a +1 helmet (worn)
Jewellery
 h - an amulet of regeneration (around neck)
 z - the ring "Qietyer" (left hand) {Fly rF+ MP+9}
   (You found it on level 8 of the Dungeon)

   [ring of flight]

   rF:        It protects you from fire.
   MP:        It affects your magic capacity (+9).
   Fly:       It grants you flight.
 M - a ring of wizardry
 N - a ring of resist corrosion
 O - a ring of protection from cold (right hand)
Wands
 m - a wand of digging (4)
 x - a wand of flame (28)
 C - a wand of polymorph (18)
 D - a wand of acid (4)
 G - a wand of iceblast (16)
 P - a wand of charming (2)
 R - a wand of paralysis (7)
Scrolls
 d - 6 scrolls of fear
 e - 8 scrolls of teleportation
 k - 4 scrolls of magic mapping
 l - 3 scrolls of silence
 s - 2 scrolls of enchant armour
 u - a scroll of amnesia
 A - 5 scrolls of blinking
 K - a scroll of enchant weapon
Potions
 c - 5 potions of flight
 f - 3 potions of invisibility
 i - 2 potions of cancellation {unknown}
 j - 6 potions of haste {unknown}
 o - 3 potions of magic {unknown}
 p - 2 potions of might {unknown}
 r - 2 potions of ambrosia {unknown}
 t - 6 potions of heal wounds
 v - 4 potions of brilliance
 w - a potion of resistance {unknown}
 E - 2 potions of berserk rage {unknown}
 F - 5 potions of mutation {unknown}
 J - 10 potions of curing {unknown}
 Q - a potion of lignification {unknown}
Miscellaneous
 q - a phial of floods


   Skills:
 * Level 7.7 Fighting
 + Level 1.0 Staves
 - Level 8.0 Dodging
 - Level 8.0 Stealth
 - Level 14.0 Spellcasting
 - Level 14.0 Conjurations
 - Level 2.0 Hexes
 - Level 2.0 Translocations
 - Level 12.0 Fire Magic
 + Level 3.2 Ice Magic
 * Level 10.2 Evocations


You had 25 spell levels left.
You knew the following spells:

 Your Spells              Type           Power      Damage    Failure   Level
a - Magic Dart            Conj           100%       1d8       1%          1
b - Searing Ray           Conj           100%       2d8       1%          2
c - Fulminant Prism       Conj/Hex       30%        3d16      1%          4
d - Iskenderun's Mystic   Conj/Tloc      61%        2d13      1%          4
e - Fireball              Conj/Fire      38%        3d16      1%          5

Your spell library contained the following spells:

 Spells                   Type           Power      Damage    Failure   Level
 Sticky Flame             Conj/Fire      77%        2d9       1%          4
 Dazzling Flash           Conj/Hex       100%       N/A       1%          3
 Stone Arrow              Conj/Erth      100%       3d13      1%          3
 Iskenderun's Battlesphe  Conj           79%        2d13      1%          5
 Frozen Ramparts          Ice            78%        1d9       3%          3
 Sandblast                Erth           40%        2d10      4%          1
 Poisonous Vapours        Pois/Air       40%        N/A       6%          2
 Apportation              Tloc           62%        N/A       7%          1
 Ensorcelled Hibernation  Hex/Ice        70%        N/A       8%          2
 Orb of Destruction       Conj           39%        9d11      11%         7
 Ozocubu's Armour         Ice            39%        N/A       12%         3
 Animate Skeleton         Necr           40%        N/A       16%         1
 Pain                     Necr           80%        1d8       16%         1
 Sting                    Tmut/Pois      80%        1d7       16%         1
 Summon Small Mammal      Summ           80%        N/A       16%         1
 Portal Projectile        Hex/Tloc       62%        N/A       21%         3
 Tukima's Dance           Hex            31%        N/A       21%         3
 Passwall                 Tmut/Erth      16%        N/A       22%         2
 Conjure Ball Lightning   Conj/Air       28%        3x3d8     32%         6
 Iron Shot                Conj/Erth      28%        9d6       32%         6
 Olgreb's Toxic Radiance  Pois           20%        N/A       36%         4
 Call Canine Familiar     Summ           20%        N/A       41%         3
 Spider Form              Tmut/Pois      20%        N/A       41%         3
 Passage of Golubria      Tloc           31%        N/A       54%         4
 Yara's Violent Unravell  Hex/Tmut       13%        3d7       54%         5
 Ice Form                 Ice/Tmut       29%        N/A       61%         4
 Summon Ice Beast         Ice/Summ       29%        N/A       61%         4
 Lee's Rapid Deconstruct  Erth           10%        3d9*      67%         5
 Anguish                  Hex/Necr       13%        N/A       69%         4
 Leda's Liquefaction      Hex/Erth       13%        N/A       69%         4
 Animate Armour           Summ/Erth      40%        N/A       83%         4
 Animate Dead             Necr           10%        N/A       83%         4
 Summon Lightning Spire   Summ/Air       20%        N/A       83%         4
 Agony                    Necr           20%        N/A       99%         5
 Blade Hands              Tmut           10%        N/A       99%         5
 Borgnjor's Vile Clutch   Necr/Erth      10%        N/A       99%         5
 Excruciating Wounds      Necr           10%        N/A       99%         5
 Death Channel            Necr           10%        N/A       100%        6
 Statue Form              Tmut/Erth      13%        N/A       100%        6
 Ozocubu's Refrigeration  Ice            19%        4d8       100%        7
 Storm Form               Tmut/Air       10%        N/A       100%        7
 Maxwell's Capacitive Co  Air            10%        ∞         100%        8


Dungeon Overview and Level Annotations

Branches:
Dungeon (13/15)            Temple (1/1) D:4            Lair (6/6) D:10
 Shoals (0/4) Lair:3       Spider (0/4) Lair:3          Orc (0/2) D:10
  Slime: Lair:5-6    Vaults: D:13-14

Altars:
Ashenzari
Cheibriados
Dithmenos
Elyvilon
Fedhas
Gozag
Hepliaklqana
Kikubaaqudgha
Makhleb
Nemelex Xobeh
Okawaru
Qazlal
Ru
Sif Muna
Trog
Uskayaw
Vehumet
Wu Jian
Xom
Yredelemnul
Zin
The Shining One

Shops:
D:1 *   D:2 (   D:5 [


Message History

The plant is lightly damaged.
The mystic blast hits the five-headed hydra!!
The five-headed hydra is almost dead.
The five-headed hydra bites you. The five-headed hydra bites you!
The five-headed hydra barely misses you.
The five-headed hydra misses you.
The five-headed hydra barely misses you.
Unknown command.
Unknown command.
Casting: Iskenderun's Mystic Blast (dangerous; 1% risk of failure)
Confirm with . or Enter, or press ? or * to list all spells.
You don't have enough magic to cast this spell.
A nearby plant withers and dies.
You reach down and open the door.
The five-headed hydra bites you. The five-headed hydra bites you!
The five-headed hydra bites you but does no damage.
The five-headed hydra closely misses you.
The five-headed hydra bites you.
There is an open door here.
There is an open door here.
There is an open door here.
There is an open door here.
The five-headed hydra closely misses you.
The five-headed hydra barely misses you.
The five-headed hydra bites you. The five-headed hydra bites you!
The five-headed hydra bites you. The five-headed hydra bites you.
The five-headed hydra bites you!
* * * LOW HITPOINT WARNING * * *
The five-headed hydra barely misses you.
The five-headed hydra bites you!
* * * LOW HITPOINT WARNING * * *
The five-headed hydra misses you.
Casting: Iskenderun's Mystic Blast (dangerous; 1% risk of failure)
Confirm with . or Enter, or press ? or * to list all spells.
You erupt in a blast of force!
The mystic blast hits the five-headed hydra!!
The five-headed hydra is severely wounded.
The five-headed hydra barely misses you.
The five-headed hydra bites you!
You die...

###P....# #.....#.###..#.# #.##
##..#.###.#...#.# ##.##########
###P..#...#.....####.##.#..####.
#.........#...+##.##....#.###...
##.........#.............[#....P
#.........#.................##..
##.........##................#..
#....(.....'...................
##............D@.............+..
#...........#.............#.##..
##......P..#...............###..
######P..#########P#...P#####..
##### ####...# #... ##### ##..
### #


You could see a five-headed hydra.

Vanquished Creatures
  Snorg (Lair:6)
  A boulder beetle (D:12)
  5 hydras
  Erolcha (D:10)
  3 catoblepae
  6 two-headed ogres
  A death knight (D:12)
  Sonja (D:11)
  A fire crab (Lair:5)
  2 ugly things
  2 deep elf pyromancers
  7 elephants
  A manticore (D:7)
  Maurice (D:9)
  2 black mambas
  A merfolk siren (Lair:3)
  A torpor snail (Lair:6)
  Joseph (D:9)
  11 cane toads
  Maggie (D:9)
  11 komodo dragons
  6 rime drakes
  3 merfolk (Lair:3)
  3 polar bears
  A queen bee (D:11)
  4 trolls
  15 blink frogs
  4 slime creatures (D:7)
  A meliai zombie (D:11)
  5 wyverns
  3 basilisks
  2 shadows
  2 steam dragons
  44 yaks
  4 wraiths
  The ghost of Zeld the Conjurer, an amateur DrCj of Vehumet (D:4)
  A warg (Lair:6)
  3 acid dragons
  24 water moccasins
  2 ice beasts
  5 orc warriors
  4 black bears
  A necrophage (D:5)
  5 sky beasts (D:7)
  8 ogres
  12 wolves
  5 centaurs
  10 kobold brigands
  10 bullfrogs
  2 scorpions
  A water moccasin zombie (D:5)
  2 gnoll sergeants
  4 wights
  4 howler monkeys
  3 electric eels
  A centaur zombie (D:9)
  2 bullfrog skeletons
  4 jellies
  3 hounds
  A centaur skeleton (D:7)
  3 iguanas
  A gnoll shaman (D:10)
  Ijyb (D:3)
  Terence (D:2)
  Natasha (thrice) (D:3)
  2 orc wizards (D:9)
  4 hell rats (Lair:6)
  A killer bee zombie (D:9)
  2 hound zombies (D:5)
  A howler monkey zombie (D:9)
  23 gnolls
  4 adders
  5 shadow imps
  A white imp (D:6)
  2 ufetubi (D:7)
  3 worms
  A dart slug (D:4)
  17 orcs
  4 ball pythons
  4 endoplasms
  A giant cockroach (D:2)
  9 goblins
  7 hobgoblins
  4 jackals (D:1)
  16 kobolds
  A quokka (D:4)
  3 bats
  2 frilled lizards
  3 rats
405 creatures vanquished.

Vanquished Creatures (others)
  5 fulminant prisms
  82 fungi
  76 plants
163 creatures vanquished.

Grand Total: 568 creatures vanquished

Notes
Turn   | Place    | Note
-------+----------+-------------------------------------------
     0 | D:1      | Zeld the Deep Elf Conjurer began the quest for the Orb.
     0 | D:1      | Reached XP level 1. HP: 10/10 MP: 6/6
   245 | D:1      | Found Jiyrr's Assorted Antiques.
   301 | D:1      | Bought 2 murky sapphire potions for 34 gold pieces
   313 | D:1      | Reached skill level 1 in Hexes
   470 | D:1      | Reached skill level 1 in Translocations
   470 | D:1      | Reached XP level 2. HP: 13/15 MP: 0/8
   516 | D:1      | Learned a level 2 spell: Searing Ray
  1202 | D:2      | Found Bastu's Weapon Shop.
  1268 | D:2      | Found a faded altar of an unknown god.
  1480 | D:2      | Reached XP level 3. HP: 19/19 MP: 4/9
  1854 | D:3      | Noticed Terence
  1884 | D:2      | Killed Terence
  2202 | D:3      | Noticed Natasha
  2210 | D:3      | Killed Natasha
  2211 | D:3      | Reached skill level 5 in Conjurations
  2211 | D:3      | Reached XP level 4. HP: 24/24 MP: 6/12
  2270 | D:3      | Learned a level 4 spell: Fulminant Prism
  2277 | D:3      | Learned a level 4 spell: Iskenderun's Mystic Blast
  2426 | D:3      | Noticed Natasha
  2433 | D:3      | Killed Natasha
  2434 | D:3      | Reached XP level 5. HP: 10/28 MP: 4/14
  2532 | D:3      | Noticed Natasha
  2537 | D:3      | Killed Natasha
  2538 | D:3      | Reached skill level 5 in Spellcasting
  2796 | D:3      | Noticed Ijyb
  2805 | D:3      | Killed Ijyb
  3137 | D:4      | Noticed an ogre
  3144 | D:4      | Killed an ogre
  3145 | D:4      | Reached XP level 6. HP: 32/32 MP: 7/16
  3520 | D:4      | Found a staircase to the Ecumenical Temple.
  3535 | Temple   | Entered the Ecumenical Temple
  3722 | Temple   | Became a worshipper of Vehumet
  4214 | D:4      | Found a runed translucent gate.
  4215 | D:4      | Found a runed translucent gate.
  4215 | D:4      | Noticed Zeld's ghost (amateur DrCj)
  4216 | D:4      | Found a runed translucent gate.
  4474 | D:5      | Entered Level 5 of the Dungeon
  4833 | D:5      | Reached XP level 7. HP: 35/36 MP: 13/19
  5118 | D:5      | Found a sparkling altar of Nemelex Xobeh.
  5520 | D:5      | Noticed a wyvern
  5970 | D:5      | Found a white marble altar of Elyvilon.
  6010 | D:5      | Killed a wyvern
  6011 | D:5      | Reached XP level 8. HP: 40/41 MP: 13/22
  6211 | D:5      | Found Segiqis's Armour Emporium.
  6216 | D:5      | Bought a +0 pair of gloves for 63 gold pieces
  6607 | D:6      | Identified the +8 glaive "Guvor" {drain, Int+4}
  6951 | D:6      | Learned a level 5 spell: Fireball
  7386 | D:7      | Reached skill level 1 in Fire Magic
  7416 | D:7      | Reached skill level 10 in Spellcasting
  7727 | D:7      | Reached * piety under Vehumet
  7727 | D:7      | Offered knowledge of Freeze by Vehumet.
  7734 | D:7      | Noticed a brown ugly thing
  7739 | D:7      | Reached XP level 9. HP: 32/45 MP: 7/25
  8108 | D:7      | Reached skill level 10 in Conjurations
  8456 | D:7      | Noticed a six-headed hydra
  8456 | D:7      | Noticed a manticore
  8461 | D:7      | Noticed a two-headed ogre
  8581 | D:7      | Noticed a two-headed ogre
  8616 | D:7      | Killed a two-headed ogre
  8617 | D:7      | Killed a manticore
  8618 | D:7      | Reached XP level 10. HP: 47/50 MP: 4/28
  8773 | D:7      | Noticed a deep elf pyromancer
  8780 | D:7      | Killed a deep elf pyromancer
  8781 | D:7      | Reached skill level 5 in Fire Magic
  9148 | D:7      | Killed a six-headed hydra
  9161 | D:7      | Identified the +1 leather armour "Huamm" {Dex+4}
  9222 | D:7      | Killed a two-headed ogre
  9426 | D:7      | Killed a brown ugly thing
  9426 | D:7      | Reached ** piety under Vehumet
  9426 | D:7      | Offered knowledge of Sandblast by Vehumet.
 10605 | D:8      | Reached XP level 11. HP: 43/54 MP: 27/31
 11148 | D:8      | Identified the ring "Qietyer" {Fly rF+ MP+9}
 11583 | D:9      | Noticed Maurice
 11587 | D:9      | Killed Maurice
 11632 | D:9      | Offered knowledge of Inner Flame by Vehumet.
 11836 | D:9      | Noticed Joseph
 11840 | D:9      | Killed Joseph
 11950 | D:9      | Noticed Maggie
 11953 | D:9      | Killed Maggie
 12293 | D:9      | Found a blossoming altar of Fedhas.
 12294 | D:9      | Found a glowing golden altar of the Shining One.
 12680 | D:10     | Entered Level 10 of the Dungeon
 12689 | D:10     | Reached *** piety under Vehumet
 12926 | D:10     | Noticed Erolcha
 12927 | D:10     | Noticed a two-headed ogre
 12930 | D:10     | Killed a two-headed ogre
 12931 | D:10     | Killed Erolcha
 12932 | D:10     | Reached skill level 10 in Fire Magic
 13255 | D:10     | Offered knowledge of Hailstorm by Vehumet.
 13306 | D:10     | Found a staircase to the Lair.
 13683 | D:10     | Found a staircase to the Orcish Mines.
 13783 | D:11     | Found a blossoming altar of Fedhas.
 13904 | D:11     | Noticed a deep elf pyromancer
 13907 | D:11     | Killed a deep elf pyromancer
 13926 | D:11     | Reached XP level 12. HP: 43/59 MP: 15/32
 14194 | D:11     | Noticed Sonja
 14195 | D:11     | Killed Sonja
 14196 | D:11     | Reached skill level 1 in Evocations
 14202 | D:11     | Reached skill level 1 in Fighting
 14465 | D:11     | Noticed a two-headed ogre
 14469 | D:11     | Killed a two-headed ogre
 14595 | D:11     | Noticed a two-headed ogre
 14598 | D:11     | Killed a two-headed ogre
 14699 | D:11     | Reached **** piety under Vehumet
 14933 | D:12     | Noticed a boulder beetle
 14937 | D:12     | Killed a boulder beetle
 15108 | D:12     | Noticed a two-headed ogre
 15111 | D:12     | Killed a two-headed ogre
 15353 | D:12     | Noticed a death knight
 15356 | D:12     | Killed a death knight
 15356 | D:12     | Offered knowledge of Ignite Poison by Vehumet.
 15784 | D:12     | You are sucked into a shaft and drop 1 floor!
 16005 | Lair:1   | Entered Level 1 of the Lair of Beasts
 16434 | D:1      | Bought a smoky yellow potion for 17 gold pieces
 16434 | D:1      | Bought a sedimented pink potion for 17 gold pieces
 16434 | D:1      | Bought a wand of acid (1) for 152 gold pieces
 16434 | D:1      | Bought a scroll of magic mapping for 66 gold pieces
 16434 | D:1      | Bought a pink potion for 17 gold pieces
 16434 | D:1      | Bought a smoky yellow potion for 17 gold pieces
 16497 | D:4      | Killed Zeld's ghost
 16765 | Lair:1   | Reached skill level 5 in Dodging
 16765 | Lair:1   | Reached skill level 5 in Stealth
 16766 | Lair:1   | Reached skill level 5 in Evocations
 18097 | Lair:2   | Reached XP level 13. HP: 49/72 MP: 23/33
 18261 | Lair:2   | Reached skill level 5 in Fighting
 19702 | Lair:3   | Reached ***** piety under Vehumet
 19706 | Lair:3   | Offered knowledge of Sticky Flame by Vehumet.
 20241 | Lair:3   | Found a staircase to the Shoals.
 20640 | Lair:3   | Found a hole to the Spider Nest.
 22297 | Lair:5   | Reached skill level 1 in Ice Magic
 23481 | Lair:5   | Reached XP level 14. HP: 82/82 MP: 30/34
 23664 | Lair:6   | Entered Level 6 of the Lair of Beasts
 23847 | Lair:6   | Identified a scroll of acquirement
 23850 | Lair:6   | Acquired a +3 vampiric lajatang
 23850 | Lair:6   | Noticed Snorg
 23857 | Lair:6   | Killed Snorg
 23858 | Lair:6   | Reached skill level 10 in Evocations
 24314 | Lair:6   | Reached skill level 1 in Staves
 24438 | Lair:5   | Slain by a five-headed hydra

Illustrated notes

Levels and vault maps discovered:
D:1:      minmay_arrival_radiant_lines, layout_loops_cross, serial_shops,
          shop_statue
D:2:      layout_basic, serial_shops, nicolae_shop_bloodbath_and_beyond,
          ebering_ecumenical_altar_webs
D:3:      layout_basic, uniq_natasha, uniq_terence, uniq_ijyb
D:4:      layout_loops_ring, minmay_temple_entry_purple_smoke,
          gammafunk_ghost_nasty_kobolds, minmay_goblin_outpost
D:5:      layout_basic, nemelex_altar_shiori, elyvilon_altar_3, serial_shops,
          shop
D:6:      layout_basic
D:7:      minmay_the_grid_octo_tiled_octocenter [minmay_the_grid_octo_focus,
          minmay_the_grid_octo_thin_diamonds,
          minmay_the_grid_octo_checkerflower, minmay_the_grid_octo_concentric,
          minmay_the_grid_octo_prize_big_c,
          minmay_the_grid_square_5x5_checkered_sparse,
          minmay_the_grid_square_5x5_pentomino_r,
          minmay_the_grid_square_5x5_inset, minmay_the_grid_square_5x5_forky],
          layout_loops_ring
D:8:      layout_cave_pools, kennysheep_small_spiral
D:9:      layout_irregular_city, mainiacjoe_overflow_divided_tiny, uniq_maggie,
          uniq_maurice, uniq_joseph
D:10:     layout_rooms, due_lair_maze_entry_diamond,
          kennysheep_orc_monster_closet_entryway, uniq_erolcha
D:11:     layout_cave_pods, hangedman_decor_diamond_cutter, fedhas_altar_3,
          uniq_sonja
D:12:     layout_basic
D:13:     minmay_tile_spiral, layout_basic
Temple:   dpeg_five_rooms_temple
Lair:1:   layout_loops_ring
Lair:2:   layout_regular_city
Lair:3:   layout_roguey, elwin_shoals_entry_stream, spider_nest_entry_web_field,
          grunt_megastairs_4
Lair:4:   layout_gridlike, serial_bayou_shore_a
Lair:5:   layout_roguey, grunt_megastairs_1, infiniplex_staircase_pool_2
Lair:6:   hangedman_lair_caniforms_friends, layout_concentric_octagons,
          slime_altar_2, grunt_megastairs_5, uniq_snorg

Skill      XL: |  1  2  3  4  5  6  7  8  9 10 11 12 13 14 |
---------------+-------------------------------------------+-----
Hexes          | 1 2 |  2.0
Translocations | 1 2 |  2.0
Spellcasting   | 4 5 6 8 10 12 14 | 14.0
Conjurations   | 5 6 7 8 9 11 13 14 | 14.0
Fire Magic     | 2 4 6 11 12 | 12.0
Dodging        | 5 7 8 |  8.0
Evocations     | 6 9 10 | 10.2
Fighting       | 4 7 |  7.7
Stealth        | 6 8 |  8.0
Ice Magic      | 2 3 |  3.2
Staves         | 1 |  1.0

Action                   |  1- 3 |  4- 6 |  7- 9 | 10-12 | 13-15 || total
-------------------------+-------+-------+-------+-------+-------++-------
Melee: Unarmed           |     4 |     1 |       |       |       ||     5
       Staff             |       |       |     7 |     5 |     5 ||    17
       Punch             |       |       |       |       |     1 ||     1
       Quarterstaff      |       |       |       |       |     3 ||     3
 Cast: Magic Dart        |    21 |     2 |     1 |     6 |       ||    30
       Searing Ray       |    23 |    40 |    43 |    19 |     2 ||   127
       Iskenderun's Myst |       |       |    21 |    61 |    52 ||   134
       Fulminant Prism   |       |       |     3 |     1 |     1 ||     5
       Fireball          |       |       |     2 |   143 |   185 ||   330
Evoke: Wand              |       |       |       |     1 |       ||     1
  Use: Scroll            |       |       |       |    12 |     6 ||    18
Armor: Robe              |     8 |     1 |    23 |     3 |       ||    35
       Ring mail         |       |    14 |     6 |    22 |    34 ||    76
Dodge: Dodged            |    31 |    20 |    40 |    32 |    31 ||   154
